Map: Celestial Enclave LE

Players

Navi - Winner!

  • Race: Zerg Zerg
  • Spawn Location: 7:00

JHONKRAKOSES

  • Race: Protoss Protoss
  • League: Platinum
  • Spawn Location: 1:00

VOD

Have the link to the VOD?

Description

Time

  • Played on: May 8, 2026, 6:03 a.m.
  • Length: 13:31
Show
View Real Time Build Order
Export as new Build Order

Navi Zerg - Winner!

Build Orders: Pool First 

Get SALT Encoding   

  12  0:02  Drone  
  13  0:11  Drone  
  14  0:28  Spawning Pool  
  14  0:30  Drone  
  14  0:38  Overlord  
  14  1:15  Zergling x2  
  14  1:16  Zergling x4, Queen  
  19  1:27  Zergling x2  
  20  1:45  Zergling x2  
  21  2:00  Zergling x2  
  21  2:01  Overlord  
  22  2:03  Hatchery  
  21  2:14  Drone  
  22  2:19  Queen  
  22  2:21  Drone  
  25  2:25  Extractor x2  
  22  2:43  Zergling x4  
  19  2:59  Drone  
  19  3:00  Drone x2  
  22  3:09  Roach Warren  
  22  3:12  Queen  
  21  3:15  Queen  
  25  3:21  Drone  
  26  3:27  Drone  
  26  3:28  Drone  
  28  3:48  Queen  
  29  3:56  Drone x3  
  29  3:57  Drone  
  33  4:12  Queen  
  33  4:16  Overlord  
  35  4:31  Drone  
  36  4:33  Overlord x2  
  36  4:45  Spore Crawler  
  35  4:46  Spore Crawler  
  35  4:47  Drone x3  
  37  4:55  Roach x2  
  43  5:14  Roach x4  
  43  5:16  Drone  
  43  5:17  Drone  
  50  5:25  Metabolic Boost  
  50  5:30  Lair  
  50  5:34  Roach  
  52  5:46  Drone x5  
  57  5:58  Overlord x2  
  51  6:21  Zergling x2  
  51  6:22  Zergling x6, Roach x4  
  62  6:31  Drone  
  62  6:32  Drone  
  62  6:40  Drone x3  
  64  6:47  Drone  
  65  6:56  Spore Crawler  
  65  6:57  Drone  
  65  6:58  Drone  
  59  7:11  Ravager x2  
  44  7:37  Drone x5  
  44  7:45  Roach x4  
  44  7:49  Zergling x2  
  51  7:57  Roach  
  44  8:07  Roach  
  43  8:16  Roach  
  43  8:17  Zergling x4  
  37  8:42  Zergling x8  
  34  8:51  Roach x2  
  33  8:58  Zergling x4  
  33  9:05  Zergling x2  
  29  9:17  Zergling x2  
  29  9:18  Zergling x2  
  29  9:27  Zergling x2  
  29  9:28  Zergling x2  
  31  9:35  Roach  
  30  9:58  Drone x5  
  31  10:35  Drone x4  
  35  10:49  Drone  
  37  10:50  Drone x3  
  39  11:02  Zergling x4  
  40  11:10  Spine Crawler  
  39  11:12  Spine Crawler  
  39  11:14  Roach  
  38  11:20  Zergling x6  
  41  11:32  Spine Crawler  
  41  11:37  Zergling x4  
  41  11:39  Queen  
  44  11:43  Spine Crawler  
  43  11:47  Zergling x2  
  43  12:04  Zergling x6  
  43  12:05  Zergling x2  
  40  12:16  Zergling x6  
  42  12:25  Zergling x2  
  42  12:28  Drone  
  44  12:30  Spine Crawler  
  43  12:41  Hatchery  
  42  12:52  Zergling x4  
  39  13:10  Zergling x8  
  39  13:11  Zergling x2  
Show
View Real Time Build Order
Export as new Build Order

JHONKRAKOSES Protoss 

Build Orders:  

Get SALT Encoding   

  1  0:00  Probe  
  12  0:05  Probe  
  14  0:15  Probe  
  15  0:40  Pylon  
  15  0:54  Pylon  
  15  0:58  Probe  
  15  1:01  Pylon  
  16  1:06  Probe  
  17  1:14  Probe  
  18  1:25  Probe  
  18  1:31  Forge  
  19  2:06  Photon Cannon  
  19  2:08  Photon Cannon  
  19  2:12  Gateway  
  18  2:16  Pylon  
  18  2:20  Photon Cannon  
  18  2:24  Photon Cannon  
  18  2:27  Photon Cannon  
  18  2:33  Photon Cannon  
  18  2:43  Probe  
  19  2:55  Probe  
  20  3:07  Probe  
  20  3:12  Assimilator  
  21  3:16  Assimilator  
  21  3:19  Probe  
  22  3:31  Probe, Cybernetics Core  
  23  3:43  Probe  
  24  3:55  Zealot  
  26  4:00  Warp Gate  
  26  4:03  Pylon  
  26  4:09  Pylon  
  26  4:38  Gateway  
  26  4:40  Gateway  
  26  4:42  Gateway  
  26  4:44  Gateway  
  26  4:46  Gateway  
  26  4:47  Photon Cannon  
  26  4:53  Shield Battery  
  26  5:07  Zealot  
  28  5:51  Adept x4  
  28  5:52  Adept x2  
  30  6:40  Stalker  
  30  6:41  Stalker x5  
  34  7:23  Stalker x6  
  38  8:20  Nexus  
  36  8:58  Gateway, Cybernetics Core  
  36  9:01  Pylon  
  32  9:19  Assimilator  
  32  9:45  Gateway  
  32  9:48  Gateway  
  30  10:01  Adept  
  24  10:41  Pylon  
  24  10:48  Gateway  
  24  10:56  Stalker x2  
  28  10:57  Stalker  
  30  11:05  Shield Battery  
  24  11:34  Adept  
  24  11:35  Adept x2  
  30  11:42  Photon Cannon  
  30  12:07  Stalker x4  
  24  12:31  Photon Cannon  
  24  12:38  Photon Cannon  
  24  12:40  Photon Cannon  
  24  12:45  Stalker x3  
  24  12:46  Stalker  
  30  13:05  Twilight Council  
  24  13:17  Stalker x2  
Tags
 
Add a new tag
Caveats
  • Supply blocks, unpowered buildings, or Contaminate may cause inaccurate times.
  • Supply counts are checked every 10 seconds.